[Event "Team 45 45 League T49"]
[Site "Internet Chess Club"]
[Date "2011.06.18"]
[Round "6"]
[White "justice02"]
[Black "Nakke"]
[Result "1/2-1/2"]
[WhiteElo "1803"]
[BlackElo "1776"]
[Opening "English: symmetrical, main line with d3"]
[ECO "A30"]
[Time "12:59:22"]
[TimeControl "2700+45"]

1. Nf3 Nf6 2. c4 c5 3. g3 Nc6 4. Bg2 g6 5. O-O Bg7 6. d3 O-O 7. Nc3 d6 8. Re1 a6
9. Qb3 e5 10. Bg5 h6 11. Bd2 Qc7 12. Rad1 Rb8 13. a3 Be6 14. Qc2 Ne7 15. Qc1 Kh7
16. h3 b5 17. b3 Rfc8 18. g4 Nfg8 19. Nh4 Qd7 20. Qc2 Kh8 21. e4 Nc6 22. Ne2 Bf6
23. Nf3 Kg7 24. Kh2 Nge7 25. Qc1 Rh8 26. Rh1 bxc4 27. bxc4 a5 28. Qc3 a4 29. Rb1
Nd4 30. Nexd4 exd4 31. Qc2 g5 32. Rxb8 Rxb8 33. Rb1 Rxb1 34. Qxb1 Ng6 35. Qb6
Bd8 36. Qa6 Bf6 37. Bf1 Be5+ 38. Nxe5 Nxe5 39. Kg2 Bxg4 40. Kg3 {Game drawn by
mutual agreement} 1/2-1/2

[Event "Team 45 45 League T49"]
[Site "Internet Chess Club"]
[Date "2011.06.18"]
[Round "6"]
[White "upsan"]
[Black "daniguti"]
[Result "1/2-1/2"]
[WhiteElo "1721"]
[BlackElo "1765"]
[Opening "Sicilian defense"]
[ECO "B20"]
[Time "20:00:04"]
[TimeControl "2700+45"]

1. e4 c5 2. c4 Nc6 3. Nc3 g6 4. g3 Bg7 5. d3 d6 6. Bg2 Nf6 7. Nge2 O-O 8. O-O
Rb8 9. h3 a6 10. Be3 b5 11. cxb5 axb5 12. Rc1 b4 13. Nd5 Nxd5 14. exd5 Ne5 15.
d4 cxd4 16. Nxd4 Ba6 17. Re1 Qd7 18. Nc6 Rb7 19. Nxe5 Bxe5 20. Bd4 Bxd4 21. Qxd4
Rc8 22. Rc6 Ra8 23. Rec1 Bb5 24. b3 f6 25. Qd2 Qd8 26. R6c2 Bd7 {Game drawn by
mutual agreement} 1/2-1/2

[Event "Team 45 45 League T49"]
[Site "Internet Chess Club"]
[Date "2011.06.17"]
[Round "6"]
[White "az2112"]
[Black "qs16"]
[Result "1/2-1/2"]
[WhiteElo "1702"]
[BlackElo "1631"]
[Opening "Sicilian: Najdorf, Lipnitzky attack"]
[ECO "B86"]
[Time "09:55:48"]
[TimeControl "2700+45"]

1. e4 c5 2. Nf3 d6 3. d4 cxd4 4. Nxd4 Nf6 5. Nc3 a6 6. Bc4 e6 7. Bb3 Nbd7 8. Bg5
Nc5 9. Qe2 Be7 10. O-O-O Nxb3+ 11. Nxb3 Qc7 12. Kb1 O-O 13. Rhe1 b5 14. e5 dxe5
15. Qxe5 Qxe5 16. Rxe5 Bb7 17. f3 h6 18. Be3 Rad8 19. Bc5 Rxd1+ 20. Nxd1 Bxc5
21. Nxc5 Rd8 22. Kc1 Bc8 23. Nf2 Kf8 24. Nfd3 Nd5 25. a3 Ke7 26. g3 f6 27. Re2
a5 28. f4 b4 29. a4 Bd7 30. Nxd7 Rxd7 31. Nc5 Rd6 32. Nb7 Ra6 33. Nc5 Rd6 34.
Nb7 Ra6 35. Nc5 {Game drawn by mutual agreement} 1/2-1/2

[Event "Team 45 45 League T49"]
[Site "Internet Chess Club"]
[Date "2011.06.17"]
[Round "6"]
[White "Buford-Julep"]
[Black "Tamarin"]
[Result "0-1"]
[WhiteElo "1659"]
[BlackElo "1833"]
[Opening "Giuoco Piano: LaBourdonnais variation"]
[ECO "C53"]
[Time "20:30:30"]
[TimeControl "2700+45"]

1. e4 e5 2. Nf3 Nc6 3. Bc4 Bc5 4. c3 d6 5. d4 exd4 6. cxd4 Bb6 7. Nc3 Nf6 8. O-O
Bg4 9. Bb5 O-O 10. Be3 Bxf3 11. gxf3 Nh5 12. Kh1 Qf6 13. Nd5 Qe6 14. Nxb6 axb6
15. d5 Qe5 16. Bd3 Nb4 17. Bb1 Nf6 18. Rg1 Kh8 19. Qd4 Qxd4 20. Bxd4 c6 21. dxc6
Nxc6 22. Bxb6 Ne5 23. Kg2 Rac8 24. b3 Rc6 25. Bd4 Rfc8 26. Bxe5 dxe5 27. Bd3 Nh5
28. Bc4 Nf4+ 29. Kg3 Rg6+ 30. Kh4 Rh6+ 31. Kg3 Rh3+ 32. Kg4 f6 33. Kf5 Rf8
{White resigns} 0-1

[Event "Team 45 45 League T49"]
[Site "Internet Chess Club"]
[Date "2011.06.21"]
[Round "6"]
[White "clarinetref"]
[Black "oldsj"]
[Result "0-1"]
[WhiteElo "1592"]
[BlackElo "1559"]
[Opening "Ruy Lopez: Anderssen variation"]
[ECO "C77"]
[Time "09:04:49"]
[TimeControl "2700+45"]

1. e4 e5 2. Nf3 Nc6 3. Bb5 a6 4. Ba4 Nf6 5. d3 b5 6. Bb3 Be7 7. c3 d6 8. h3 O-O
9. O-O Na5 10. Bc2 c5 11. a4 Bb7 12. Re1 Qc7 13. b4 cxb4 14. cxb4 Nc6 15. Ba3 d5
16. exd5 Nxd5 17. d4 exd4 18. Qd3 g6 19. axb5 Ncxb4 20. Bxb4 Nxb4 21. Rc1 Nxd3
{White resigns} 0-1

[Event "Team 45 45 League T49"]
[Site "Internet Chess Club"]
[Date "2011.06.18"]
[Round "6"]
[White "DARKwizard1"]
[Black "mickeys"]
[Result "1-0"]
[WhiteElo "1945"]
[BlackElo "1942"]
[Opening "French: exchange variation"]
[ECO "C01"]
[Time "18:00:27"]
[TimeControl "2700+45"]

1. e4 e6 2. d4 d5 3. exd5 exd5 4. Bd3 Nf6 5. Bg5 Be7 6. Nd2 Be6 7. Ne2 Nc6 8. c3
h6 9. Bh4 Qd7 10. Bg3 Nh5 11. O-O f5 12. Re1 O-O-O 13. b4 Bg5 14. f4 Nxg3 15.
hxg3 Bf6 16. Qa4 g5 17. b5 Nb8 18. Qxa7 h5 19. Nb3 b6 20. a4 c5 21. Qxb6 Rde8
22. Nxc5 Qc7 23. Qxc7+ Kxc7 24. Nxe6+ Rxe6 25. Bxf5 Re7 26. fxg5 Bxg5 27. Nf4
Rxe1+ 28. Rxe1 Bxf4 29. gxf4 Rf8 30. Re5 Kd6 31. a5 Rf7 32. g3 Rc7 33. Re6+ Kd7
34. Rc6+ Kd8 35. Rxc7 Kxc7 36. Kh2 {Black resigns} 1-0

[Event "Team 45 45 League T49"]
[Site "Internet Chess Club"]
[Date "2011.06.16"]
[Round "6"]
[White "pishd"]
[Black "kidviper"]
[Result "0-1"]
[WhiteElo "1700"]
[BlackElo "1955"]
[Opening "King's Indian: London system"]
[ECO "A48"]
[Time "09:05:10"]
[TimeControl "2700+45"]

1. d4 Nf6 2. Nf3 g6 3. Bf4 Bg7 4. e3 d6 5. h3 O-O 6. Be2 b6 7. O-O Bb7 8. a4 a5
9. c3 Nbd7 10. Na3 Ne4 11. Rc1 e5 12. Bh2 f5 13. Qb3+ Kh8 14. Rfd1 Ng5 15. Nxg5
Qxg5 16. Bf1 f4 17. c4 fxe3 18. Qxe3 Qxe3 19. fxe3 Bh6 20. Rc3 exd4 21. exd4 Rf7
22. d5 Nc5 23. b3 Raf8 24. Bd3 Be3+ 25. Kh1 Nxd3 26. Rcxd3 Rf1+ 27. Rxf1 Rxf1+
28. Bg1 Bxg1 {White resigns} 0-1

[Event "Team 45 45 League T49"]
[Site "Internet Chess Club"]
[Date "2011.06.18"]
[Round "6"]
[White "IPiTIBuLL"]
[Black "mongmong"]
[Result "0-1"]
[WhiteElo "1665"]
[BlackElo "1619"]
[Opening "Réti opening"]
[ECO "A04"]
[Time "14:03:25"]
[TimeControl "2700+45"]

1. Nf3 e6 2. g3 d5 3. Bg2 Nf6 4. O-O Be7 5. d4 O-O 6. Ne5 c5 7. c3 Nbd7 8. f4
cxd4 9. cxd4 Nb6 10. Nc3 Bd7 11. Nxd7 Qxd7 12. Be3 Rac8 13. Bf2 Nc4 14. Rb1 Nxb2
15. Qb3 Nc4 16. Rfd1 b6 17. e4 Na5 18. Qb2 dxe4 19. Nxe4 Nxe4 20. Bxe4 Bf6 21.
Qe2 Rfd8 22. Rb5 Qe7 23. d5 exd5 24. Rbxd5 Rxd5 25. Rxd5 Rd8 26. Rxd8+ Qxd8 27.
Be1 g6 28. g4 Qd4+ 29. Kg2 Qb2 30. Qxb2 Bxb2 31. Bd5 Kg7 32. Kf3 f6 33. Bb4 h6
34. Bd6 Bd4 35. Bb8 a6 36. Bc7 Bc5 37. Ke4 Kf8 38. f5 Kg7 39. h3 gxf5+ 40. Kxf5
Bd4 41. h4 Be3 42. h5 Bd4 43. Bd6 b5 44. Ke4 Bb6 45. Kf5 Nc4 46. Bf4 Ne3+ 47.
Bxe3 Bxe3 48. Bb7 a5 49. Bc6 b4 50. Ba4 Bd2 51. Bb3 Bg5 52. Ke4 Kf8 53. Be6 Ke7
54. Bf5 Kd6 55. Kd4 Kc6 56. Be4+ Kb6 57. Kd5 Kb5 58. Bd3+ Ka4 59. Bc4 Ka3 60.
Kc5 a4 61. Kd4 b3 62. axb3 axb3 63. Kc3 b2 64. Bd3 Ka2 65. Bc4+ Ka1 66. Bd3 b1=Q
67. Bxb1 Kxb1 68. Kd4 Kb2 69. Ke4 Kc3 70. Kf3 Kd3 71. Kg2 Ke3 72. Kg3 Ke4 73.
Kg2 Kf4 74. Kh3 Kf3 75. Kh2 Kxg4 76. Kg2 Kxh5 77. Kh3 f5 78. Kg3 Kg6 79. Kf3 h5
80. Kg3 Kf6 81. Kf3 Ke5 82. Kg2 Ke4 83. Kf1 Ke3 84. Ke1 f4 85. Kf1 f3 86. Kg1
f2+ 87. Kf1 h4 88. Kg2 Ke2 {White resigns} 0-1

[Event "Team 45 45 League T49"]
[Site "Internet Chess Club"]
[Date "2011.06.19"]
[Round "6"]
[White "Pacini"]
[Black "Stryker672"]
[Result "1/2-1/2"]
[WhiteElo "2011"]
[BlackElo "1995"]
[Opening "Scotch gambit: Dubois-Réti defense"]
[ECO "C55"]
[Time "17:07:26"]
[TimeControl "2700+45"]

1. e4 e5 2. Nf3 Nc6 3. d4 exd4 4. Bc4 Nf6 5. e5 Ng4 6. Bxf7+ Kxf7 7. Ng5+ Kg8 8.
Qxg4 h6 9. Nf3 d6 10. Qe4 dxe5 11. Nxe5 Qe8 12. f4 Bd6 13. O-O Nxe5 14. fxe5
Qxe5 15. Qxe5 Bxe5 16. Bf4 Bxf4 17. Rxf4 c5 18. Nd2 b6 19. Re1 Kh7 20. Re7 Rg8
21. Ne4 Kg6 22. h4 h5 23. Rc7 Bg4 {Game drawn by mutual agreement} 1/2-1/2

[Event "Team 45 45 League T49"]
[Site "Internet Chess Club"]
[Date "2011.06.19"]
[Round "6"]
[White "Kingofknights"]
[Black "Atlantis"]
[Result "1/2-1/2"]
[WhiteElo "1649"]
[BlackElo "1774"]
[Opening "Nimzo-Indian: classical, Noa variation, main line, 7.Qc2"]
[ECO "E37"]
[Time "16:00:10"]
[TimeControl "2700+45"]

1. d4 Nf6 2. c4 e6 3. Nc3 Bb4 4. Qc2 d5 5. a3 Bxc3+ 6. Qxc3 Ne4 7. Qc2 O-O 8. e3
f5 9. Nf3 Nd7 10. Be2 b6 11. cxd5 exd5 12. Qc6 Rb8 13. Qxd5+ Kh8 14. Ne5 Nxe5
15. Qxe5 Bb7 16. O-O c5 17. dxc5 Nxc5 18. Rd1 Qg5 19. Qg3 Qxg3 20. hxg3 Nb3 21.
Rb1 Rbc8 {Game drawn by mutual agreement} 1/2-1/2

[Event "Team 45 45 League T49"]
[Site "Internet Chess Club"]
[Date "2011.06.17"]
[Round "6"]
[White "Bacon1290"]
[Black "badmove"]
[Result "0-1"]
[WhiteElo "1654"]
[BlackElo "1778"]
[Opening "Ruy Lopez: closed, Chigorin, 12...Nc6"]
[ECO "C98"]
[Time "15:30:58"]
[TimeControl "2700+45"]

1. e4 e5 2. Nf3 Nc6 3. Bb5 a6 4. Ba4 Nf6 5. O-O Be7 6. Re1 b5 7. Bb3 d6 8. c3
O-O 9. h3 Na5 10. Bc2 c5 11. d4 Qc7 12. Nbd2 Nc6 13. d5 Nd8 14. Nf1 Ne8 15. Ng3
g6 16. Bh6 Ng7 17. Qd2 f6 18. Nh2 Nf7 19. Ng4 Bd7 20. Be3 Rab8 21. f4 Bxg4 22.
hxg4 exf4 23. Bxf4 Ne5 24. Bxe5 fxe5 25. Rf1 Qd7 26. Qe2 Rxf1+ 27. Rxf1 Rf8 28.
Rxf8+ Bxf8 29. Qf3 Qe7 30. a4 Ne8 31. axb5 axb5 32. Qf1 Qg5 33. Qxb5 Qc1+ 34.
Kh2 Qxc2 35. Qxe8 Qxb2 36. Qe6+ Kg7 37. Qd7+ Kg8 38. c4 Qf2 39. Qe6+ Kg7 40.
Qd7+ Kg8 41. Qe6+ Kg7 42. Kh3 Qf4 43. Qd7+ Kg8 44. Qd8 Qc1 45. Qd7 Qh6+ 46. Nh5
gxh5 47. Qe6+ Qxe6 48. dxe6 hxg4+ 49. Kxg4 Kg7 50. Kf5 Be7 51. g4 h6 52. g5
{White resigns} 0-1

[Event "Team 45 45 League T49"]
[Site "Internet Chess Club"]
[Date "2011.06.20"]
[Round "6"]
[White "Ernie1"]
[Black "Razorbackchess"]
[Result "1/2-1/2"]
[WhiteElo "1703"]
[BlackElo "1824"]
[Opening "Trompowsky attack (Ruth, Opocenský opening)"]
[ECO "A45"]
[Time "20:09:12"]
[TimeControl "2700+45"]

1. d4 Nf6 2. Bg5 Ne4 3. Bh4 g6 4. f3 Nf6 5. Bxf6 exf6 6. e4 d6 7. c4 f5 8. Nc3
fxe4 9. fxe4 Bg7 10. Nf3 Bg4 11. Be2 Nc6 12. d5 Ne7 13. Qa4+ Bd7 14. Qc2 O-O 15.
O-O f5 {Game drawn by mutual agreement} 1/2-1/2

[Event "Team 45 45 League T49"]
[Site "Internet Chess Club"]
[Date "2011.06.18"]
[Round "6"]
[White "Colombiano07"]
[Black "ben622"]
[Result "0-1"]
[WhiteElo "1835"]
[BlackElo "1943"]
[Opening "Alekhine's defense: two pawns' (Lasker's) attack"]
[ECO "B02"]
[Time "10:02:09"]
[TimeControl "2700+45"]

1. e4 Nf6 2. e5 Nd5 3. c4 Nb6 4. c5 Nd5 5. Nc3 e6 6. Bc4 Nxc3 7. dxc3 Nc6 8. Bf4
Bxc5 9. Qg4 g6 10. h4 h6 11. Bd3 Ne7 12. Ne2 h5 13. Qf3 Nf5 14. g4 hxg4 15. Qxg4
Rxh4 16. Rxh4 Qxh4 17. Bxf5 Qxf2+ 18. Kd2 exf5 19. Qh3 Bf8 20. Qh8 b6 21. Bh6
Qc5 22. Bg7 Ba6 23. b4 Qd5+ 24. Kc1 O-O-O 25. Bxf8 Bxe2 26. Kb2 Qd2+ 27. Kb3 b5
{White resigns} 0-1

[Event "Team 45 45 League T49"]
[Site "Internet Chess Club"]
[Date "2011.06.15"]
[Round "6"]
[White "DreamCatcher13"]
[Black "MikeA"]
[Result "0-1"]
[WhiteElo "1803"]
[BlackElo "2201"]
[Opening "Sicilian: Sveshnikov variation"]
[ECO "B33"]
[Time "22:01:25"]
[TimeControl "2700+45"]

1. e4 c5 2. Nf3 Nc6 3. d4 cxd4 4. Nxd4 Nf6 5. Nc3 e5 6. Ndb5 d6 7. Bg5 a6 8. Na3
b5 9. Bxf6 gxf6 10. Nd5 f5 11. c3 Bg7 12. exf5 Bxf5 13. Nc2 O-O 14. Nce3 Be6 15.
Bd3 f5 16. O-O Rb8 17. a4 Ne7 18. Nxe7+ Qxe7 19. axb5 axb5 20. Ra5 Qd7 21. Qe2
f4 22. Nc2 f3 23. Qe4 Bh8 24. Rfa1 d5 25. Qh4 fxg2 26. Ra7 Rb7 27. Qg5+ Bg7 28.
Ra8 Rbb8 29. R1a7 Rxa8 30. Rxd7 Bxd7 31. Qh5 h6 32. Ne3 Be6 33. Bxb5 Ra2 34. Qg6
Bh3 35. Qd3 Ra1+ 36. Nd1 Bg4 37. Qxd5+ Kh8 38. Ba4 Rxa4 39. h3 Bf3 40. Qb3 Ra1
{White resigns} 0-1

[Event "Team 45 45 League T49"]
[Site "Internet Chess Club"]
[Date "2011.06.18"]
[Round "6"]
[White "bshribharath"]
[Black "sombragris35"]
[Result "1-0"]
[WhiteElo "1762"]
[BlackElo "1739"]
[Opening "Ruy Lopez: Schliemann defense"]
[ECO "C63"]
[Time "12:00:48"]
[TimeControl "2700+45"]

1. e4 e5 2. Nf3 Nc6 3. Bb5 f5 4. d3 fxe4 5. dxe4 Nf6 6. O-O Bc5 7. Bg5 O-O 8.
Bxf6 Qxf6 9. Qd5+ Kh8 10. Qxc5 d6 11. Qe3 Nd4 12. Nxd4 exd4 13. Qd2 c6 14. Bd3
Be6 15. c3 Rae8 16. cxd4 Qxd4 17. Nc3 Rf6 18. Rad1 Ref8 19. Bc2 Qb4 20. Qxd6
Qxb2 21. e5 Rxf2 {Black resigns} 1-0

[Event "Team 45 45 League T49"]
[Site "Internet Chess Club"]
[Date "2011.06.16"]
[Round "6"]
[White "Ptzz"]
[Black "TerryMalloy"]
[Result "1-0"]
[WhiteElo "2146"]
[BlackElo "1991"]
[Opening "QGA: classical variation, 6.O-O"]
[ECO "D26"]
[Time "10:12:54"]
[TimeControl "2700+45"]

1. d4 Nf6 2. Nf3 d5 3. c4 dxc4 4. e3 e6 5. Bxc4 c5 6. O-O Nc6 7. Nc3 a6 8. Bb3
Be7 9. Qe2 cxd4 10. Rd1 e5 11. exd4 exd4 12. Be3 O-O 13. Nxd4 Qc7 14. Nxc6 bxc6
15. Rac1 Ng4 16. g3 Nxe3 17. Qxe3 Bf6 18. Nd5 Qe5 19. Rxc6 Bb7 20. Nxf6+ gxf6
21. Qxe5 fxe5 22. Rc7 Bf3 23. Rdd7 Rac8 24. Rxf7 Rxc7 25. Rxc7+ Kh8 26. Rf7 Rxf7
27. Bxf7 Kg7 28. Bc4 a5 29. Kf1 Kf6 {Black resigns} 1-0

[Event "Team 45 45 League T49"]
[Site "Internet Chess Club"]
[Date "2011.06.19"]
[Round "6"]
[White "Despair"]
[Black "MtzKid"]
[Result "1-0"]
[WhiteElo "2018"]
[BlackElo "1733"]
[Opening "Benko's opening"]
[ECO "A00"]
[Time "20:05:41"]
[TimeControl "2700+45"]

1. g3 c5 2. b3 Nc6 3. Bg2 d5 4. Bb2 Nf6 5. d3 e5 6. Nf3 Bd6 7. Nbd2 O-O 8. O-O
Qe7 9. c4 d4 10. Ng5 Bf5 11. Nde4 Nxe4 12. Nxe4 Bxe4 13. Bxe4 f5 14. Bd5+ Kh8
15. a3 e4 16. e3 dxe3 17. fxe3 exd3 18. Qxd3 Be5 19. Bxe5 Nxe5 20. Qe2 Rae8 21.
e4 fxe4 22. Qxe4 b6 23. Rae1 Rxf1+ 24. Rxf1 Nd7 25. Qxe7 Rxe7 26. Rf7 Rxf7 27.
Bxf7 g5 28. Kf2 Ne5 29. Bd5 Ng4+ 30. Kg1 Ne3 31. Be4 Kg7 32. h3 h6 33. Kf2 Nd1+
34. Ke2 Nc3+ 35. Ke3 Kf6 36. Bf3 Ke5 37. Kd3 Na2 38. Bg4 Kd6 39. Kc2 {Black
resigns} 1-0

[Event "Team 45 45 League T49"]
[Site "Internet Chess Club"]
[Date "2011.06.18"]
[Round "6"]
[White "Magagna"]
[Black "ivanson"]
[Result "1/2-1/2"]
[WhiteElo "1895"]
[BlackElo "1794"]
[Opening "King's Indian: Four pawns attack, 6.Be2"]
[ECO "E77"]
[Time "18:02:11"]
[TimeControl "2700+45"]

1. d4 Nf6 2. c4 g6 3. Nc3 Bg7 4. e4 d6 5. f4 O-O 6. Be2 Na6 7. Be3 Nd7 8. Nf3 e5
9. d5 exf4 10. Bxf4 Nac5 11. Qc2 Re8 12. Nd2 Bxc3 13. bxc3 Nf6 14. Bg5 h6 15.
Bxf6 Qxf6 16. O-O-O Nxe4 17. Nxe4 Qf4+ 18. Qd2 Qxd2+ 19. Kxd2 Rxe4 20. Bd3 Re7
21. Rde1 Rxe1 22. Rxe1 Kf8 23. Rf1 Kg7 24. Re1 Kf8 25. Rf1 Kg7 26. Re1 Kf8 27.
Rf1 {Game drawn by repetition} 1/2-1/2

[Event "Team 45 45 League T49"]
[Site "Internet Chess Club"]
[Date "2011.06.22"]
[Round "6"]
[White "Gregorio"]
[Black "futureGM"]
[Result "1/2-1/2"]
[WhiteElo "1994"]
[BlackElo "1865"]
[Opening "English opening"]
[ECO "A13"]
[Time "20:09:36"]
[TimeControl "2700+45"]

1. c4 e6 2. g3 d5 3. Bg2 c6 4. Nf3 dxc4 5. Qc2 b5 6. a4 Bb7 7. Nc3 a6 8. O-O Nf6
9. Ne5 Qc7 10. d4 Be7 11. Bf4 Qb6 12. e3 O-O 13. a5 Qd8 14. Rfd1 Nd5 15. e4 Nxf4
16. gxf4 Nd7 17. d5 cxd5 18. exd5 Nxe5 19. fxe5 exd5 20. Nxd5 {Game drawn by
mutual agreement} 1/2-1/2

[Event "Team 45 45 League T49"]
[Site "Internet Chess Club"]
[Date "2011.06.19"]
[Round "6"]
[White "bshribharath"]
[Black "MeanMrMustard"]
[Result "1/2-1/2"]
[WhiteElo "1764"]
[BlackElo "1803"]
[Opening "Torre attack (Tartakower variation)"]
[ECO "D03"]
[Time "21:02:01"]
[TimeControl "2700+45"]

1. d4 d5 2. Nf3 Nf6 3. Bg5 h6 4. Bh4 e6 5. e3 Be7 6. Bd3 b6 7. Ne5 O-O 8. Nd2
Bb7 9. O-O Nbd7 10. f4 c5 11. c3 cxd4 12. exd4 Ne4 {Game drawn by mutual
agreement} 1/2-1/2

[Event "Team 45 45 League T49"]
[Site "Internet Chess Club"]
[Date "2011.06.17"]
[Round "6"]
[White "ghostfire"]
[Black "Ivio"]
[Result "1/2-1/2"]
[WhiteElo "1726"]
[BlackElo "1734"]
[Opening "French: Rubinstein variation"]
[ECO "C10"]
[Time "17:00:25"]
[TimeControl "2700+45"]

1. e4 e6 2. d4 d5 3. Nc3 dxe4 4. Nxe4 Nd7 5. Nf3 Ngf6 6. Nxf6+ Nxf6 7. Bg5 Be7
8. Bd3 b6 9. Ne5 Bd7 10. Qf3 O-O 11. Bxf6 Bxf6 12. O-O c5 13. Qe4 g6 14. dxc5
bxc5 15. Rfd1 Qc7 16. Nxd7 Qxd7 17. c3 Qc7 18. Qf3 Bg7 19. Bc2 Rab8 20. Rab1
Rfd8 21. Rxd8+ Rxd8 22. Rd1 Rxd1+ 23. Bxd1 Qb6 24. Qe2 {Game drawn by mutual
agreement} 1/2-1/2

[Event "Team 45 45 League T49"]
[Site "Internet Chess Club"]
[Date "2011.06.18"]
[Round "6"]
[White "MasterOfTheKeys"]
[Black "Frankly"]
[Result "0-1"]
[WhiteElo "1682"]
[BlackElo "1781"]
[Opening "Ruy Lopez: open, St. Petersburg variation"]
[ECO "C82"]
[Time "15:03:18"]
[TimeControl "2700+45"]

1. e4 e5 2. Nf3 Nc6 3. Bb5 a6 4. Ba4 Nf6 5. O-O Nxe4 6. d4 b5 7. Bb3 d5 8. dxe5
Be6 9. c3 Bc5 10. Nbd2 O-O 11. Nxe4 dxe4 12. Ng5 Bxb3 13. Qxb3 Nxe5 14. Nxe4 Bb6
15. Bg5 Qd7 16. Ng3 Qg4 17. Be7 Rfe8 18. Qd5 Ng6 19. Bc5 Rad8 20. Qc6 Re6 21.
Rad1 Qxd1 22. Qb7 Qd5 {White resigns} 0-1

[Event "Team 45 45 League T49"]
[Site "Internet Chess Club"]
[Date "2011.06.18"]
[Round "6"]
[White "Philly-Boy"]
[Black "alexping"]
[Result "0-1"]
[WhiteElo "1852"]
[BlackElo "1901"]
[Opening "Benkö gambit half accepted"]
[ECO "A57"]
[Time "22:33:34"]
[TimeControl "2700+45"]

1. d4 Nf6 2. c4 c5 3. d5 b5 4. cxb5 a6 5. b6 Qxb6 6. Nc3 g6 7. e4 d6 8. f4 Bg7
9. Be2 O-O 10. a4 a5 11. Nf3 Na6 12. Nd2 Nb4 13. Nc4 Qd8 14. O-O Ba6 15. g4 Nd7
16. e5 Bxc4 17. Bxc4 Nb6 18. Bb5 dxe5 19. f5 e4 20. fxg6 Bd4+ 21. Kh1 fxg6 22.
Bh6 Rxf1+ 23. Qxf1 Bxc3 24. bxc3 N4xd5 25. Rd1 Qc8 26. c4 Nf6 27. g5 Nh5 28. Qg2
Qf5 29. Bc6 Rb8 30. Bxe4 Qe5 31. Re1 e6 32. Qc2 Nf4 33. Kg1 Qd4+ 34. Kf1 Nxc4
35. Qf2 Nd2+ {White resigns} 0-1

[Event "Team 45 45 League T49"]
[Site "Internet Chess Club"]
[Date "2011.06.20"]
[Round "6"]
[White "Troparion"]
[Black "Monsieur"]
[Result "1-0"]
[WhiteElo "1827"]
[BlackElo "1498"]
[Opening "Queen's pawn, Mason variation"]
[ECO "D00"]
[Time "21:00:17"]
[TimeControl "2700+45"]

1. d4 d5 2. Bf4 Nc6 3. e3 a6 4. c3 f5 5. Nd2 Be6 6. Ngf3 h6 7. h4 Nf6 8. Ne5
Nxe5 9. Bxe5 Qd7 10. Nf3 Ng4 11. Bd3 Rg8 12. Bf4 g6 13. Ne5 Nxe5 14. Bxe5 Bg7
15. Bxg7 Rxg7 16. Qe2 h5 17. f4 b5 18. a4 Rb8 19. b4 Qc6 20. Qc2 Bd7 21. axb5
axb5 22. Kd2 Kf7 23. Ra5 Ra8 24. Bxb5 Qxb5 25. Rxa8 Rg8 26. Ra5 Qc6 27. Rha1 Rb8
28. Rc5 Qb6 29. Raa5 Rb7 30. Qa2 c6 31. Ra6 Qd8 32. Qa5 Qh8 33. Ra7 Qb8 34. Ra8
Qd6 35. Qd8 e5 36. Qg8+ Ke7 37. Qg7+ Ke6 38. Qxg6+ Ke7 39. Qh7+ Ke6 40. Rg8
{Black resigns} 1-0

[Event "Team 45 45 League T49"]
[Site "Internet Chess Club"]
[Date "2011.06.16"]
[Round "6"]
[White "BrerRabbit"]
[Black "misuc56"]
[Result "0-1"]
[WhiteElo "1507"]
[BlackElo "1855"]
[Opening "English: symmetrical variation"]
[ECO "A30"]
[Time "14:00:41"]
[TimeControl "2700+45"]

1. c4 c5 2. g3 Nc6 3. Bg2 d6 4. Nc3 g6 5. Nf3 Bg7 6. O-O Bd7 7. a3 Rb8 8. Rb1 a6
9. Qc2 Nd4 10. Nxd4 Bxd4 11. b4 cxb4 12. e3 Bg7 13. Rxb4 Bc6 14. Qb3 Bxg2 15.
Kxg2 Qc8 16. d3 Nf6 17. Bd2 O-O 18. Rb1 Nd7 19. Rxb7 Nc5 20. Rxb8 Qc6+ 21. f3
Nxb3 22. R1xb3 Bxc3 23. Bxc3 f6 24. R8b7 Kf7 25. Ra7 Re8 26. Rab7 g5 27. h3 h5
28. Kf2 g4 29. h4 Qxf3+ {White resigns} 0-1